 Dungeon Crawl Stone Soup version 0.13.0-19-g8e0b589 (webtiles) character file.

1370 Malachi the Grappler (level 8, 0/63 HPs)
             Began as a Ghoul Monk on Oct 24, 2013.
             Slain by an orc
             ... wielding a +0,+1 orcish mace
              (8 damage)
             ... on Level 5 of the Dungeon.
             The game lasted 00:10:55 (4592 turns).

Malachi the Grappler (Ghoul Monk)                   Turns: 4592, Time: 00:10:56

HP   0/63        AC  8     Str 17      XL: 8   Next: 47%
MP  14/14        EV  8     Int  5      God:
Gold 150         SH  0     Dex 11      Spells:  0 memorised,  7 levels left

Res.Fire  : . . .   See Invis. : .     - Unarmed
Res.Cold  : + . .   Warding    : .   f - +1 scale mail
Life Prot.: + + +   Conserve   : .   (no shield)
Res.Poison: +       Res.Corr.  : .   (no helmet)
Res.Elec. : .       Clarity    : .   c - +0 cloak
Sust.Abil.: . .     Spirit.Shd : .   (no gloves)
Res.Mut.  : .       Stasis     : .   (no boots)
Res.Rott. : +       Flight     : .   (no amulet)
Saprovore : + + +                    (no ring)
                                     g - ring of magical power

@: rotting, slightly resistant to hostile enchantments, extremely unstealthy
A: rotting body, claws 1, carnivore 3, cold resistance 1, life protection 3,
poison resistance, saprovore 3, slow healing 1, torment resistance, unbreathing
a: no special abilities


You were on level 5 of the Dungeon.
You were not hungry.

You visited 1 branch of the dungeon, and saw 6 of its levels.

You collected 255 gold pieces.
You spent 105 gold pieces at shops.

Inventory:

Hand weapons
 v - a +0,+2 crossbow of frost
Missiles
 o - 3 needles of confusion
Armour
 a - a +0 robe
 c - a +0 cloak (worn)
 f - a +1 scale mail (worn)
Comestibles
 x - a chunk of giant cockroach flesh
 F - a beef jerky
 H - 2 meat rations
Scrolls
 b - a scroll of remove curse
 e - a scroll of enchant armour
 h - 5 scrolls of teleportation
 j - a scroll of fog {unknown}
 l - 5 scrolls of identify
 m - a scroll of recharging {unknown}
 n - a scroll of enchant weapon II {unknown}
 r - 2 scrolls of blinking {unknown}
 t - a scroll of curse armour {unknown}
 u - a scroll of fear
Jewellery
 g - a ring of magical power (left claw)
 w - an uncursed ring of wizardry {unknown}
Potions
 d - a potion of brilliance {unknown}
 i - a potion of heal wounds
 k - a potion of porridge {unknown}
 p - 5 potions of curing
 q - 2 potions of might
 s - 4 potions of agility {unknown}


   Skills:
 - Level 3.2 Fighting
 - Level 0.8 Armour
 - Level 2.6 Dodging
 - Level 2.1 Stealth
 * Level 11.4 Unarmed Combat


You had 7 spell levels left.
You didn't know any spells.

Dungeon Overview and Level Annotations

Branches:
Dungeon (6/27)
 Temple: D:4-7          Orc: D:6-11

Altars:
Ashenzari

Shops:
D:5 *!+?=

Annotations:
D:6 Sigmund


Innate Abilities, Weirdness & Mutations

Your body is rotting away.
You have sharp fingernails.
You are carnivorous and can eat meat at any time.
Your flesh is cold resistant.
You are immune to negative energy.
Your system is resistant to poisons.
You thrive on rotten meat.
You heal slowly.
You are immune to unholy pain and torment.
You can survive without breathing.


Message History

The orc warrior hits you but does no damage.
The orc hits you but does no damage. The orc barely misses you.
The orc hits you with an orcish mace.
You hit the orc warrior but do no damage.
You claw the orc warrior.
The orc warrior is heavily wounded.
The orc priest hits you with an orcish war axe.
* * * LOW HITPOINT WARNING * * *
The orc warrior closely misses you. The orc barely misses you.
The orc hits you but does no damage.
Drink which item? (? for menu, Esc to quit)
You feel much better. The orc misses you.
The orc priest calls down the wrath of Beogh upon you.
Something smites you!
* * * LOW HITPOINT WARNING * * *
The orc warrior hits you with an orcish flail.
* * * LOW HITPOINT WARNING * * *
The orc hits you but does no damage. The orc barely misses you.
The orc hits you with an orcish mace!
You die...

##........∩..#.#.#
#.................
##'####........#.#.
##...###............
#8...8##........{#{#
##.))).##..........{.
#...)...#.......{..#.
#.8...8.#............
#...@...#...........#
#..o.o..#.......)....
#.8ooo8.#............
#...o...#............
#.......#............
#.8...8.#............
#.......# ...........
#.......# ........K.
#.......# .........


You could see an orc warrior (bleeding), an orc priest and 4 orcs.

Vanquished Creatures
  2 ogres (D:6)
  2 sky beasts
  An ice beast (D:6)
  A centaur (D:6)
  2 crimson imps
  7 orc priests
  2 worker ants
  A giant frog skeleton (D:4)
  3 orc wizards
  An ogre skeleton (D:3)
  A hound skeleton (D:3)
  9 adders
  A giant mite (D:6)
  2 worms (D:2)
  An iguana zombie (D:3)
  An adder skeleton (D:5)
  A giant eyeball (D:6)
  4 giant geckos
  An ooze (D:4)
  37 orcs
  A bat zombie (D:3)
  7 giant cockroaches
  10 goblins
  10 hobgoblins
  9 jackals
  7 kobolds
  A quokka (D:2)
  2 ball pythons (D:1)
  4 bats
  7 giant newts
  A kobold skeleton (D:3)
  An orc zombie (D:3)
  9 rats
  A rat zombie (D:3)
150 creatures vanquished.

Notes
Turn   | Place    | Note
--------------------------------------------------------------
     0 | D:1      | Malachi, the Ghoul Monk, began the quest for the Orb.
     0 | D:1      | Reached XP level 1. HP: 17/17 MP: 0/0
   252 | D:1      | Reached XP level 2. HP: 7/22 MP: 1/1
   511 | D:1      | Reached skill level 5 in Unarmed Combat
   740 | D:1      | Reached XP level 3. HP: 30/30 MP: 2/2
  1348 | D:2      | Reached XP level 4. HP: 32/37 MP: 2/2
  1384 | D:2      | Reached skill level 6 in Unarmed Combat
  1898 | D:3      | Reached XP level 5. HP: 15/41 MP: 3/3
  2049 | D:3      | Reached skill level 7 in Unarmed Combat
  2612 | D:4      | Reached XP level 6. HP: 49/49 MP: 4/4
  2648 | D:4      | Found a shattered altar of Ashenzari.
  2765 | D:4      | Reached skill level 8 in Unarmed Combat
  3091 | D:5      | Entered Level 5 of the Dungeon
  3091 | D:5      | Found Twiretro's Jewellery Emporium.
  3094 | D:5      | Found Putheowk's Magic Scroll Shop.
  3168 | D:5      | Found Juyduom's Book Boutique.
  3181 | D:5      | Reached XP level 7. HP: 28/53 MP: 4/4
  3230 | D:5      | Found Majyfimn's Assorted Antiques.
  3230 | D:5      | Found Uhiajut's Distillery.
  3244 | D:5      | Bought 2 potions of curing for 60 gold pieces
  3244 | D:5      | Bought a potion of heal wounds for 45 gold pieces
  3587 | D:5      | Reached skill level 9 in Unarmed Combat
  3833 | D:6      | Reached skill level 10 in Unarmed Combat
  3953 | D:6      | Reached XP level 8. HP: 39/63 MP: 5/5
  4233 | D:6      | Reached skill level 11 in Unarmed Combat
  4269 | D:6      | Noticed Sigmund
  4592 | D:5      | Slain by an orc

Action                   |  1- 3 |  4- 6 |  7- 9 || total
-------------------------+-------+-------+-------++-------
Melee: Unarmed           |   120 |   200 |   194 ||   514
  Use: Scroll            |       |     6 |       ||     6
       Potion            |       |       |     2 ||     2
 Stab: Sleeping          |     3 |       |       ||     3
